| TOP OF THE 1ST |
|
Tacoma Rainiers batting - Pitching for Rochester Red Wings : LHP Josh Gunderson
|
|
Pitching: LHP Josh Gunderson
|
|
|
Batting: RHB Tatsunori Hayakawa
|
0-0: Ball 1-0: Fly out, F9 (Flyball, 9LS, EV 96.9 MPH)
|
|
Batting: RHB Kevin Chafe
|
0-0: Ball 1-0: Foul Ball, location: 2F 1-1: Ball 2-1: Ground out 4-3 (Groundball, 34D, EV 109.4 MPH)
|
|
Batting: RHB Harutomi Matsubara
|
0-0: Foul Ball, location: 2F 0-1: Ball 1-1: Ball 2-1: Swinging Strike 2-2: Ball 3-2: Fly out, F7 (Flyball, 7LS, EV 92.5 MPH)
|
| Top of the 1st over - 0 runs, 0 hits, 0 errors, 0 left on base; Tacoma 0 - Rochester 0 |
| BOTTOM OF THE 1ST |
|
Rochester Red Wings batting - Pitching for Tacoma Rainiers : RHP Justin Lee
|
|
Pitching: RHP Justin Lee
|
|
|
Batting: RHB Yonetoshi Muranaka
|
0-0: Called Strike 0-1: Foul Ball, location: 2F 0-2: Strikes out swinging
|
|
Batting: RHB Josh Zoglmann
|
0-0: Foul Ball, location: 2F 0-1: Called Strike 0-2: Foul Ball, location: 2F 0-2: Ball 1-2: Ball 2-2: Foul Ball, location: 2F 2-2: Ball 3-2: Base on Balls
|
|
Batting: SHB Gerardo Flores
|
0-0: Ball 1-0: Swinging Strike 1-1: Ball 2-1: Ball 3-1: Foul Ball, location: 2F 3-2: Base on Balls Josh Zoglmann to second
|
|
Batting: LHB Yat-sen Zhu
|
0-0: Ball 1-0: Ball 2-0: Foul Ball, location: 2F 2-1: Foul Ball, location: 2F 2-2: Ball 3-2: Strikes out swinging
|
|
Batting: RHB Jimmy Buzard
|
0-0: Ball 1-0: Fly out, F8 (Flyball, 8LD, EV 88.1 MPH)
|
| Bottom of the 1st over - 0 runs, 0 hits, 0 errors, 2 left on base; Tacoma 0 - Rochester 0 |
| TOP OF THE 2ND |
|
Tacoma Rainiers batting - Pitching for Rochester Red Wings : LHP Josh Gunderson
|
|
Batting: RHB Brad Robidas
|
0-0: Ball 1-0: Called Strike 1-1: SINGLE (Groundball, 56, EV 106.9 MPH) (infield hit)
|
|
Batting: RHB Bill Vives
|
0-0: Called Strike 0-1: Foul Ball, location: 2F 0-2: Ball 1-2: Foul Ball, location: 2F 1-2: Grounds into double play, 4-6-3 (Groundball, 4, EV 89.4 MPH)
|
|
Batting: LHB Ryan Lowe
|
0-0: Called Strike 0-1: Ball 1-1: Ball 2-1: Called Strike 2-2: Fly out, F7 (Flyball, 78S, EV 78.1 MPH)
|
| Top of the 2nd over - 0 runs, 1 hit, 0 errors, 0 left on base; Tacoma 0 - Rochester 0 |
| BOTTOM OF THE 2ND |
|
Rochester Red Wings batting - Pitching for Tacoma Rainiers : RHP Justin Lee
|
|
Batting: RHB Israel Gaona
|
0-0: Foul Ball, location: 2F 0-1: SINGLE (Groundball, 56D, EV 99.4 MPH)
|
|
Batting: LHB Gerardo Flores
|
0-0: Ball 1-0: Ball 2-0: Grounds into double play, 3-6-3 (Groundball, 3, EV 87.5 MPH)
|
|
Batting: RHB Tony Rivera
|
0-0: Called Strike 0-1: Fly out, F8 (Flyball, 8RM, EV 85.0 MPH)
|
| Bottom of the 2nd over - 0 runs, 1 hit, 0 errors, 0 left on base; Tacoma 0 - Rochester 0 |
| TOP OF THE 3RD |
|
Tacoma Rainiers batting - Pitching for Rochester Red Wings : LHP Josh Gunderson
|
|
Batting: RHB Kikuo Sato
|
0-0: Called Strike 0-1: Ball 1-1: Ground out 4-3 (Groundball, 4, EV 85.6 MPH)
|
|
Batting: LHB Caleb Domino
|
0-0: Ball 1-0: Called Strike 1-1: Swinging Strike 1-2: SINGLE (Groundball, 25, EV 74.4 MPH) (infield hit)
|
|
Batting: RHB David Aguilar
|
0-0: Ball 1-0: Ball 2-0: Swinging Strike 2-1: Swinging Strike 2-2: Strikes out swinging
|
|
Batting: RHB Tatsunori Hayakawa
|
0-0: Called Strike Caleb Domino steals 2nd, throwing error, E2 Caleb Domino to third 0-1: SINGLE (Groundball, 56S, EV 76.2 MPH) (infield hit) Caleb Domino scores
|
|
Batting: RHB Kevin Chafe
|
0-0: Called Strike 0-1: Ball 1-1: Called Strike 1-2: Foul Ball, location: 2F Pickoff Throw to First - Out! 1-3
|
| Top of the 3rd over - 1 run, 2 hits, 1 error, 0 left on base; Tacoma 1 - Rochester 0 |
| BOTTOM OF THE 3RD |
|
Rochester Red Wings batting - Pitching for Tacoma Rainiers : RHP Justin Lee
|
|
Batting: RHB Aaron Trotman
|
0-0: Ball 1-0: Called Strike 1-1: Ball 2-1: Fly out, F9 (Flyball, 89M, EV 90.0 MPH)
|
|
Batting: RHB Yonetoshi Muranaka
|
0-0: Called Strike 0-1: Ball 1-1: Ground out U3 (Groundball, 34S, EV 77.5 MPH)
|
|
Batting: RHB Josh Zoglmann
|
0-0: Ball 1-0: Ball 2-0: Ground out 6-3 (Groundball, 6, EV 102.5 MPH)
|
| Bottom of the 3rd over - 0 runs, 0 hits, 0 errors, 0 left on base; Tacoma 1 - Rochester 0 |
| TOP OF THE 4TH |
|
Tacoma Rainiers batting - Pitching for Rochester Red Wings : LHP Josh Gunderson
|
|
Batting: RHB Kevin Chafe
|
0-0: Called Strike 0-1: Ground out 6-3 (Groundball, 6, EV 99.4 MPH)
|
|
Batting: RHB Harutomi Matsubara
|
0-0: Ball 1-0: Ball 2-0: Foul Ball, location: 2F 2-1: Swinging Strike 2-2: Strikes out swinging
|
|
Batting: RHB Brad Robidas
|
0-0: Foul Ball, location: 2F 0-1: Ball 1-1: Foul Ball, location: 2F 1-2: Ground out U3 (Groundball, 34, EV 79.4 MPH)
|
| Top of the 4th over - 0 runs, 0 hits, 0 errors, 0 left on base; Tacoma 1 - Rochester 0 |
| BOTTOM OF THE 4TH |
|
Rochester Red Wings batting - Pitching for Tacoma Rainiers : RHP Justin Lee
|
|
Batting: SHB Gerardo Flores
|
0-0: Ball 1-0: Called Strike 1-1: Fly out, F3 (Popup, 3SF, EV 77.5 MPH)
|
|
Batting: LHB Yat-sen Zhu
|
0-0: Foul Ball, location: 2F 0-1: Ground out 4-3 (Groundball, 4M, EV 104.4 MPH)
|
|
Batting: RHB Jimmy Buzard
|
0-0: Called Strike 0-1: Ball 1-1: SOLO HOME RUN (Flyball, 7D, EV 95.6 MPH), Distance : 361 ft
|
|
Batting: RHB Israel Gaona
|
0-0: Ball 1-0: Fly out, F8 (Flyball, 78D, EV 87.5 MPH)
|
| Bottom of the 4th over - 1 run, 1 hit, 0 errors, 0 left on base; Tacoma 1 - Rochester 1 |
| TOP OF THE 5TH |
|
Tacoma Rainiers batting - Pitching for Rochester Red Wings : LHP Josh Gunderson
|
|
Batting: RHB Bill Vives
|
0-0: Foul Ball, location: 2F 0-1: Foul Ball, location: 2F 0-2: Ball 1-2: Foul Ball, location: 2F 1-2: Foul Ball, location: 2F 1-2: Fly out, F9 (Flyball, 89M, EV 89.4 MPH)
|
|
Batting: LHB Ryan Lowe
|
0-0: Called Strike 0-1: Ball 1-1: Swinging Strike 1-2: Ball 2-2: Foul Ball, location: 2F 2-2: Foul Ball, location: 2F 2-2: Foul Ball, location: 2F 2-2: Foul Ball, location: 2F 2-2: Ground out 4-3 (Groundball, 34D, EV 78.1 MPH)
|
|
Batting: RHB Kikuo Sato
|
0-0: Ball 1-0: Ground out U3 (Groundball, 3, EV 83.1 MPH)
|
| Top of the 5th over - 0 runs, 0 hits, 0 errors, 0 left on base; Tacoma 1 - Rochester 1 |
| BOTTOM OF THE 5TH |
|
Rochester Red Wings batting - Pitching for Tacoma Rainiers : RHP Justin Lee
|
|
Batting: LHB Gerardo Flores
|
0-0: Called Strike 0-1: Ground out 4-3 (Groundball, 4S, EV 87.5 MPH)
|
|
Batting: RHB Tony Rivera
|
0-0: Ball 1-0: Foul Ball, location: 2F 1-1: SINGLE (Groundball, P, EV 88.8 MPH) (infield hit)
|
|
Batting: RHB Aaron Trotman
|
0-0: Fielders Choice at 2nd, 5-4 (Groundball, 56, EV 105.0 MPH)
|
|
Batting: RHB Yonetoshi Muranaka
|
0-0: Ball 1-0: Called Strike 1-1: Called Strike 1-2: Ground out 6-3 (Groundball, 6S, EV 85.6 MPH)
|
| Bottom of the 5th over - 0 runs, 1 hit, 0 errors, 1 left on base; Tacoma 1 - Rochester 1 |
| TOP OF THE 6TH |
|
Tacoma Rainiers batting - Pitching for Rochester Red Wings : LHP Josh Gunderson
|
|
Batting: LHB Caleb Domino
|
0-0: Called Strike 0-1: SINGLE (Groundball, 6MD, EV 96.9 MPH)
|
|
Batting: RHB David Aguilar
|
0-0: Called Strike 0-1: Ball 1-1: Fly out, F8 (Flyball, 8LXD, EV 81.9 MPH)
|
|
Batting: RHB Tatsunori Hayakawa
|
0-0: SINGLE (Line Drive, 4M, EV 100.0 MPH) Caleb Domino to second
|
|
Batting: RHB Kevin Chafe
|
0-0: Called Strike 0-1: Ground out 4-3 (Groundball, 4S, EV 69.4 MPH) Caleb Domino to third Tatsunori Hayakawa to second
|
|
Batting: RHB Harutomi Matsubara
|
0-0: Foul Ball, location: 2F 0-1: Called Strike 0-2: DOUBLE (Flyball, 9LD, EV 100.0 MPH) Caleb Domino scores Tatsunori Hayakawa scores
|
|
Batting: RHB Brad Robidas
|
0-0: Called Strike 0-1: Ball 1-1: Ball 2-1: Ball 3-1: Base on Balls
|
|
Batting: RHB Bill Vives
|
0-0: Called Strike 0-1: Called Strike 0-2: Foul Ball, location: 2F 0-2: Foul Ball, location: 2F 0-2: Strikes out looking
|
| Top of the 6th over - 2 runs, 3 hits, 0 errors, 2 left on base; Tacoma 3 - Rochester 1 |
| BOTTOM OF THE 6TH |
|
Rochester Red Wings batting - Pitching for Tacoma Rainiers : RHP Justin Lee
|
|
Batting: RHB Josh Zoglmann
|
0-0: SOLO HOME RUN (Flyball, 7D, EV 97.5 MPH), Distance : 370 ft
|
|
Batting: SHB Gerardo Flores
|
0-0: SINGLE (Groundball, 4, EV 98.8 MPH)
|
|
Batting: LHB Yat-sen Zhu
|
0-0: Called Strike 0-1: Foul Ball, location: 2F 0-2: Foul Ball, location: 2F 0-2: Ball 1-2: Foul Ball, location: 2F 1-2: Ball Wild Pitch! Gerardo Flores to second 2-2: Ball 3-2: Strikes out swinging
|
|
Batting: RHB Jimmy Buzard
|
0-0: Ball 1-0: Ball 2-0: Ball Wild Pitch! Gerardo Flores to third 3-0: Called Strike 3-1: Base on Balls
|
|
Batting: RHB Israel Gaona
|
0-0: Foul Ball, location: 2F 0-1: Ball 1-1: Ball 2-1: Swinging Strike 2-2: Ball 3-2: Base on Balls Jimmy Buzard to second
|
|
Batting: LHB Gerardo Flores
|
0-0: Called Strike 0-1: Fly out, F8 (Flyball, 89M, EV 75.0 MPH)
|
|
Batting: RHB Tony Rivera
|
0-0: Foul Ball, location: 2F 0-1: Ball 1-1: Ball 2-1: Swinging Strike 2-2: Fly out, F7 (Flyball, 7D, EV 83.8 MPH)
|
| Bottom of the 6th over - 1 run, 2 hits, 0 errors, 3 left on base; Tacoma 3 - Rochester 2 |
| TOP OF THE 7TH |
|
Tacoma Rainiers batting - Pitching for Rochester Red Wings : LHP Josh Gunderson
|
|
Batting: LHB Ryan Lowe
|
0-0: Ball 1-0: Foul Ball, location: 2F 1-1: Ground out 6-3 (Groundball, 4M, EV 101.2 MPH)
|
|
Pitching: RHP Tim Riley
|
|
|
Batting: RHB Kikuo Sato
|
0-0: Ball 1-0: Hit by Pitch
|
|
Batting: LHB Caleb Domino
|
Pickoff Throw to First - Out! 1-3 0-0: Ball 1-0: Ball 2-0: Foul Ball, location: 2F 2-1: Ball 3-1: Foul Ball, location: 2F 3-2: Strikes out swinging
|
| Top of the 7th over - 0 runs, 0 hits, 0 errors, 0 left on base; Tacoma 3 - Rochester 2 |
| BOTTOM OF THE 7TH |
|
Rochester Red Wings batting - Pitching for Tacoma Rainiers : RHP Justin Lee
|
|
Batting: RHB Aaron Trotman
|
0-0: Foul Ball, location: 2F 0-1: Ball 1-1: Hit by Pitch
|
|
Batting: RHB Yonetoshi Muranaka
|
0-0: Ball 1-0: Fielders Choice at 2nd, 6-4 (Groundball, 6, EV 100.6 MPH)
|
|
Batting: RHB Josh Zoglmann
|
0-0: Ball 1-0: Called Strike 1-1: Foul Ball, location: 2F 1-2: Foul Ball, location: 2F 1-2: Ball 2-2: Strikes out looking
|
|
Pitching: RHP Dave McGee
|
|
|
Batting: SHB Gerardo Flores
|
0-0: Hit by Pitch Yonetoshi Muranaka to second
|
|
Batting: LHB Yat-sen Zhu
|
0-0: Fly out, F8 (Flyball, 8RD, EV 86.2 MPH)
|
| Bottom of the 7th over - 0 runs, 0 hits, 0 errors, 2 left on base; Tacoma 3 - Rochester 2 |
| TOP OF THE 8TH |
|
Tacoma Rainiers batting - Pitching for Rochester Red Wings : RHP Tim Riley
|
|
Batting: RHB David Aguilar
|
0-0: Ball 1-0: Foul Ball, location: 2F 1-1: Ball 2-1: SINGLE (Groundball, 5D, EV 101.9 MPH)
|
|
Batting: RHB Tatsunori Hayakawa
|
0-0: Sac Bunt to 2L - play at first, batter OUT! 2-3 David Aguilar to second
|
|
Batting: RHB Kevin Chafe
|
0-0: Foul Ball, location: 2F 0-1: Ball 1-1: Swinging Strike 1-2: Strikes out swinging
|
|
Batting: RHB Harutomi Matsubara
|
0-0: Called Strike 0-1: Foul Ball, location: 2F 0-2: Strikes out looking
|
| Top of the 8th over - 0 runs, 1 hit, 0 errors, 1 left on base; Tacoma 3 - Rochester 2 |
| BOTTOM OF THE 8TH |
|
Rochester Red Wings batting - Pitching for Tacoma Rainiers : RHP Dave McGee
|
|
Batting: RHB Jimmy Buzard
|
0-0: Ball 1-0: Swinging Strike 1-1: Swinging Strike 1-2: Strikes out swinging
|
|
Batting: RHB Israel Gaona
|
0-0: Ball 1-0: Ball 2-0: Swinging Strike 2-1: Ball 3-1: Fly out, F5 (Line Drive, 56, EV 69.4 MPH)
|
|
Batting: LHB Gerardo Flores
|
0-0: Foul Ball, location: 2F 0-1: Swinging Strike 0-2: Ball 1-2: Ball 2-2: Ground out U3 (Groundball, 34, EV 80.6 MPH)
|
| Bottom of the 8th over - 0 runs, 0 hits, 0 errors, 0 left on base; Tacoma 3 - Rochester 2 |
| TOP OF THE 9TH |
|
Tacoma Rainiers batting - Pitching for Rochester Red Wings : RHP Tim Riley
|
|
Batting: RHB Brad Robidas
|
0-0: Ball 1-0: Ball 2-0: Foul Ball, location: 2F 2-1: SINGLE (Groundball, 34D, EV 102.5 MPH)
|
|
Batting: RHB Bill Vives
|
0-0: Ball 1-0: SINGLE (Groundball, P, EV 85.6 MPH) (infield hit) Brad Robidas to second
|
|
Batting: LHB Ryan Lowe
|
0-0: Grounds into double play, 6-4-3 (Groundball, 6M, EV 90.0 MPH) Brad Robidas to third
|
|
Batting: RHB Kikuo Sato
|
0-0: DOUBLE (Groundball, 5L, EV 102.5 MPH) Brad Robidas scores
|
|
Batting: LHB Caleb Domino
|
0-0: Called Strike 0-1: Ground out 4-3 (Groundball, 13, EV 86.2 MPH)
|
| Top of the 9th over - 1 run, 3 hits, 0 errors, 1 left on base; Tacoma 4 - Rochester 2 |
| BOTTOM OF THE 9TH |
|
Rochester Red Wings batting - Pitching for Tacoma Rainiers : RHP Dave McGee
|
|
Pitching: RHP Victor Cervantes
|
|
|
Batting: RHB Tony Rivera
|
0-0: Ball 1-0: Ball 2-0: Fly out, F9 (Line Drive, 89M, EV 99.4 MPH)
|
|
Pinch Hitting: SHB Brian Bagley
|
0-0: Foul Ball, location: 2F 0-1: Ball 1-1: Swinging Strike 1-2: Ground out 1-3 (Groundball, 15S, EV 62.5 MPH)
|
|
Batting: RHB Yonetoshi Muranaka
|
0-0: Called Strike 0-1: Foul Ball, location: 2F 0-2: Foul Ball, location: 2F 0-2: Ball 1-2: Strikes out swinging
|
| Bottom of the 9th over - 0 runs, 0 hits, 0 errors, 0 left on base; Tacoma 4 - Rochester 2 |
|